 Dungeon Crawl Stone Soup version 0.15-a0-23-gfd8676b (webtiles) character file.

66 4tharraofdagon the Chopper (level 3, -1/22 HPs)
             Began as a Gargoyle Gladiator on Mar 31, 2014.
             Killed from afar by Natasha (11 damage)
             ... with a wand of frost
             ... on Level 4 of the Dungeon.
             The game lasted 00:01:56 (373 turns).

4tharraofdagon the Chopper (Gargoyle Gladiator)      Turns: 373, Time: 00:01:56

HP  -1/22        AC 15     Str 18      XL: 3   Next:  6%
MP   3/3         EV  4     Int  9      God:
Gold 41          SH  0     Dex 10      Spells:  0 memorised,  2 levels left

rFire  . . .     SeeInvis .     a - +0 war axe
rCold  . . .     Clarity  .     j - +0 plate armour
rNeg   + . .     Conserve .     (no shield)
rPois  +         rCorr    .     c - +0 helmet
rElec  +         rRot     +     e - +0 cloak
SustAb . .       Spirit   .     (no gloves)
rMut   .         Warding  .     (no boots)
Saprov . . .     Stasis   .     (no amulet)
MR     .....                    (no ring)
                                l - ring of poison resistance {unknown}

@: very slightly contaminated, hasted, very quick, not resistant to hostile
enchantments, extremely unstealthy
A: life protection 1, electricity resistance, unbreathing, petrification
resistance, AC +3
a: no special abilities


You were on level 4 of the Dungeon.
You were not hungry.

You visited 1 branch of the dungeon, and saw 4 of its levels.

You collected 41 gold pieces.

Inventory:

Hand weapons
 a - a +0,+0 war axe (weapon)
Armour
 b - a +0 leather armour
 c - a +0 helmet (worn)
 e - a +0 cloak (worn)
 j - a +0 plate armour (worn)
Magical devices
 o - a wand of paralysis (18)
Comestibles
 f - 3 bread rations
 p - a beef jerky
Scrolls
 i - 3 scrolls of remove curse
Jewellery
 l - a ring of poison resistance (left hand) {unknown}
Potions
 m - a potion of haste
 n - a potion of cure mutation {unknown}


   Skills:
 + Level 2.6 Fighting
 * Level 3.3 Axes
 - Level 2.0 Throwing
 + Level 1.0 Armour
 - Level 2.4 Dodging


You had 2 spell levels left.
You didn't know any spells.

Dungeon Overview and Level Annotations

Branches:
Dungeon (4/15)
 Temple: D:4-7

Altars:

Annotations:
D:4 Grinder, Natasha


Innate Abilities, Weirdness & Mutations

You are resistant to torment.
You are immune to poison.
You are immune to rotting.
Your stone body is very resilient (AC +3).
You resist negative energy.
You are resistant to electric shocks.
You can survive without breathing.
You are immune to petrification.


Message History

You throw a throwing net. The throwing net misses Natasha.
The giant gecko bites you but does no damage.
Natasha claws you.
* * * LOW HITPOINT WARNING * * *
Grinder says, "Mostly I couldn't keep them alive."
Grinder gestures.
Grinder blinks!
Drink which item? (? for menu, Esc to quit)
You feel yourself speed up.
It was a potion of haste.
The giant gecko bites you but does no damage.
Natasha zaps a wand.
The puff of frost hits you!
* * * LOW HITPOINT WARNING * * *
The giant gecko bites you but does no damage.
You are very lightly contaminated with residual magic.
Unknown command.
Drink which item? (? for menu, Esc to quit)
You feel better.
It was a potion of curing.
Natasha zaps a wand.
The puff of frost hits you!
Ouch! That really hurt!
You die...

...................#
#########.#######
#g#
########.########
.................
.#######g########
#.# #.#########....
#g5gbl@h...(...
###########....


You could see Grinder (inner flame), Natasha, 2 gnolls, a giant gecko (inner
flame) and a bat (inner flame).

Vanquished Creatures
  A hound skeleton (D:4)
  3 orcs (D:4)
  2 bats (D:1)
  A goblin (D:3)
  A hobgoblin (D:2)
  A kobold (D:2)
  A rat (D:3)
10 creatures vanquished.

Notes
Turn   | Place    | Note
--------------------------------------------------------------
     0 | D:1      | 4tharraofdagon, the Gargoyle Gladiator, began the quest for the Orb.
     0 | D:1      | Reached XP level 1. HP: 12/12 MP: 1/1
   229 | D:3      | Reached skill level 3 in Axes
   241 | D:3      | Reached XP level 2. HP: 17/17 MP: 2/2
   295 | D:4      | Reached skill level 1 in Armour
   295 | D:4      | Reached XP level 3. HP: 18/22 MP: 3/3
   341 | D:4      | Noticed Grinder
   360 | D:4      | Noticed Natasha
   372 | D:4      | HP: 1/22 [Natasha/wand of frost (5)]
   373 | D:4      | Killed from afar by Natasha

Action                   || total
-------------------------++-------
Melee: War axe           ||    37
Throw: Throwing net      ||     3
Evoke: Wand              ||     1
  Use: Scroll            ||     3
       Potion            ||     2
